 Dungeon Sprint DCSS version 0.24-a0-652-g46ecf6da75 (webtiles) character file.

Game seed: 15758917501468207262, levelgen mode: deterministic

2147 Kerapac the Unseen (level 9, -8/64 HPs)
             Began as a Felid Berserker on Sept 26, 2019.
             Was an Elder of Trog.
             Mangled by a yaktaur captain (25 damage)
             ... in the Dungeon (Sprint II: "The Violet Keep of Menkaure").
             The game lasted 00:17:46 (1386 turns).

Kerapac the Unseen (Felid Berserker)                Turns: 1386, Time: 00:17:46

Health: -8/64      AC:  2    Str: 18    XL:     9   Next: 9%
Magic:  10/10      EV: 30    Int:  8    God:    Trog [****..]
Gold:   229        SH:  0    Dex: 17    Spells: 8/8 levels left
                                        Lives:  0   Deaths: 2

rFire    . . .     SeeInvis +     - Unarmed
rCold    . . .     Gourm    .   (shield unavailable)
rNeg     . . .     Faith    .   (armour unavailable)
rPois    .         Spirit   .   (helmet unavailable)
rElec    .         Reflect  .   (cloak unavailable)
rCorr    .         Harm     .   (gloves unavailable)
MR       +++++     Rnd*Rage +   (boots unavailable) Stlth ..........NoTele +
                                (no amulet)
HPRegen  1.20/turn              i - ring of protection from magic
MPRegen  0.12/turn              j - ring of protection from magic

@: berserking (expiring), flying, regenerating, very quick
A: very small, no armour, no weapons or thrown items, stealth, claws 1, fangs 3,
see invisible, berserk 1, carnivore, clumsy 1, speed 1, frail 1, high mp 1,
screaming 1, shaggy fur 2, slow metabolism 1, sharp paws
a: Berserk, Trog's Hand, Brothers in Arms, Renounce Religion


You were in the Dungeon.
You worshipped Trog.
Trog was greatly pleased with you.
You were not hungry.

You visited 1 branch You collected 1215 gold pieces.
You spent 986 gold pieces at shops.

Inventory:

Jewellery
 i - a ring of protection from magic (left paw)
 j - a ring of protection from magic (right paw)
Scrolls
 c - a scroll of magic mapping
 d - a scroll of random uselessness {unknown}
 f - 2 scrolls of blinking
 h - a scroll of fog
Potions
 b - 2 potions of curing
 e - 2 potions of magic
Comestibles
 a - 3 rations


   Skills:
 + Level 11.2 Fighting
 + Level 14.1 Dodging
 * Level 19.6 Stealth
 + Level 11.2 Unarmed Combat


You had 8 spell levels left.
You didn't know any spells.
Your spell library was empty.

Dungeon Overview and Level Annotations

Branches:
Dungeon (1/1)

Altars:
Dithmenos
Elyvilon
Fedhas
Kikubaaqudgha
Makhleb
Nemelex Xobeh
Qazlal
Ru
Sif Muna
Trog
Uskayaw
Vehumet
Wu Jian
Xom
Yredelemnul
Zin
The Shining One
Jiyva
Lugonu

Shops:
D :}?}![%(%!=?=:=[

Annotations:
D exclusion: oklob plant, Kirke


Innate Abilities, Weirdness & Mutations

You cannot wear armour.
You are incapable of wielding weapons or throwing items.
Your paws allow you to move quietly. (Stealth)
You have sharp claws.
You have razor-sharp teeth.
You have supernaturally acute eyesight. (SInv)
You are carnivorous and can eat meat at any time.
You cover ground quickly.
You are covered in thick fur. (AC +2)
You have a slow metabolism.
Your sharp claws are effective at attacking unaware monsters.
You tend to lose your temper in combat.
You are clumsy. (Dex -2)
You are frail. (-10% HP)
You have an increased reservoir of magic. (+10% MP)
You occasionally shout uncontrollably at your foes.


Message History

Trog accepts your kill.
Your Dodging skill increases to level 14!
Welcome back to level 9!
The yaktaur captain wields a +0 arbalest.
The yaktaur captain shoots a bolt.
The bolt completely misses you.
You see here a +0 short sword.
You barely miss the yaktaur captain.
The kobold demonologist gestures wildly while chanting.
You claw the yaktaur captain!
The yaktaur captain is moderately wounded.
You feel the effects of Trog's Hand fading.
The yaktaur captain unwields a +0 arbalest.
The yaktaur captain barely misses you.
You scratch the yaktaur captain.
The yaktaur captain is moderately wounded.
The kobold demonologist casts a spell.
You claw the yaktaur captain!
The yaktaur captain is heavily wounded.
The yaktaur captain hits you!!
You die...

********************** *,,,
*,,,,,,+,,*∩∩∩,∩+,+,,***,,,
*,,,,,,*,,*******,****,,,,,
*+******+**,,####+####,,,,,
*∩∩∩∩∩∩*,,+,##○≈°≈°°°##⌠,,,
*∩∩∩∩∩∩*,,*##≈°°°°≈°≈°##,,,
*****###*@,+°°○≈≈8°°≈°°##++
*,,,*#5Ys####°≈≈°○≈°○°##≈^^
*,,,,#5cKc@≈##≈°≈°≈°≈**e≈..
############≈≈#+++#+++#####.
###########≈≈≈.........#†.'.
##.....∩.∩#≈≈≈≈.##'##..#..##
##....∩.∩.#≈≈≈≈##...##.####.
##...∩.∩..#≈≈≈≈#..#).#....#.
##..∩.∩...#≈≈####...####..##
##.⌠.∩....#≈##.###'###.##..#
##..∩.∩...#≈#.#.##.##..##w.#


You could see a yaktaur captain, an elephant, a centaur warrior, a kobold
demonologist, a redback and 2 white imps.

Vanquished Creatures
  An ice dragon (D)
  A skeletal warrior (D)
  2 unseen horrors (D)
  A merfolk siren (D)
  A tyrant leech (D)
  A blink frog (D)
  2 hippogriffs (D)
  3 yaks (D)
  4 neqoxecs (D)
  Menkaure (D)
17 creatures vanquished.

Vanquished Creatures (others)
  A yaktaur (D)
  A hornet (D)
  A polar bear (D)
  A crocodile (D)
4 creatures vanquished.

Grand Total: 21 creatures vanquished

Notes
Turn   | Place    | Note
-------+----------+-------------------------------------------
     0 | D        | Kerapac the Felid Berserker began the quest for the Orb.
     0 | D        | Reached XP level 1. HP: 10/10 MP: 2/2
     1 | D        | Noticed a merfolk siren
     4 | D        | Noticed a hippogriff
     4 | D        | Noticed a hippogriff
     8 | D        | Noticed a neqoxec
     8 | D        | Noticed a neqoxec
     8 | D        | Noticed a neqoxec
     8 | D        | Noticed a neqoxec
     9 | D        | Noticed a crimson imp
     9 | D        | Noticed a quasit
    12 | D        | Gained mutation: You occasionally shout uncontrollably at
                  | your foes. [a neqoxec]
    18 | D        | Killed a neqoxec
    18 | D        | Reached skill level 5 in Fighting
    18 | D        | Reached skill level 8 in Stealth
    18 | D        | Reached skill level 5 in Unarmed Combat
    18 | D        | Reached XP level 2. HP: 16/16 MP: 3/3
    18 | D        | Reached XP level 3. HP: 19/19 MP: 4/4
    18 | D        | Reached XP level 4. HP: 23/23 MP: 5/5
    23 | D        | Gained mutation: You are frail. (-10% HP) [a neqoxec]
    25 | D        | Gained mutation: You have an increased reservoir of magic.
                  | (+10% MP) [a neqoxec]
    26 | D        | Killed a neqoxec
    26 | D        | Reached ** piety under Trog
    26 | D        | Reached skill level 10 in Stealth
    26 | D        | Reached XP level 5. HP: 24/24 MP: 6/6
    29 | D        | Gained mutation: You tend to lose your temper in combat. [a
                  | neqoxec]
    32 | D        | Gained mutation: You are clumsy. (Dex -2) [a neqoxec]
    41 | D        | Killed a neqoxec
    41 | D        | Reached skill level 12 in Stealth
    41 | D        | Gained mutation: You are covered in thick fur. (AC +2)
                  | [Felid growth]
    41 | D        | Reached XP level 6. HP: 5/29 MP: 7/7
   124 | D        | HP: 1/43 [neqoxec (10)]
   127 | D        | Killed a neqoxec
   127 | D        | Reached XP level 7. HP: 2/32 MP: 8/8
   424 | D        | Killed a hippogriff
   424 | D        | Reached skill level 10 in Dodging
   424 | D        | Reached skill level 13 in Stealth
   427 | D        | Killed a hippogriff
   427 | D        | Reached *** piety under Trog
   427 | D        | Reached skill level 14 in Stealth
   432 | D        | Noticed a tyrant leech
   432 | D        | Noticed a tyrant leech
   452 | D        | Noticed Menkaure
   453 | D        | Noticed an ice statue
   468 | D        | Killed Menkaure
   636 | D        | Killed a merfolk siren
   636 | D        | Reached skill level 15 in Stealth
   636 | D        | Reached XP level 8. HP: 37/37 MP: 9/9
   642 | D        | Found Jaecwyc's Antique Armour Shoppe.
   643 | D        | Found Caodwedi's Book Shoppe.
   643 | D        | Found Ydolipne's Jewellery Emporium.
   644 | D        | Found Athaech's Magic Scroll Shoppe.
   644 | D        | Found Qaruoc's Jewellery Emporium.
   644 | D        | Found Esujon's Jewellery Shoppe.
   645 | D        | Found Yhuaf's Antique Weapon Shoppe.
   645 | D        | Found Guzxek's Food Emporium.
   645 | D        | Found Qowed's Food Emporium.
   645 | D        | Found Jeoguhai's Distillery.
   646 | D        | Found Vouguy's Distillery.
   646 | D        | Found Ducreif's Gadget Emporium.
   646 | D        | Found Ydeyss's Antique Armour Emporium.
   647 | D        | Found Kalaf Qera's Magic Scroll Shoppe.
   647 | D        | Found Sigh's Gadget Emporium.
   647 | D        | Noticed a spiny frog
   647 | D        | Noticed a spiny frog
   648 | D        | Noticed a great orb of eyes
   650 | D        | Noticed an oklob plant
   651 | D        | Found Velus's Book Shoppe.
   670 | D        | Bought a scroll of magic mapping for 49 gold pieces
   704 | D        | Noticed a blink frog
   706 | D        | Killed a blink frog
   706 | D        | Reached **** piety under Trog
   706 | D        | Reached skill level 16 in Stealth
   755 | D        | Noticed a centaur warrior
   755 | D        | Noticed Kirke
   755 | D        | Noticed a skeletal warrior
   756 | D        | Noticed a yaktaur captain
   768 | D        | Found a glowing golden altar of the Shining One.
   768 | D        | Found an ornate altar of the Wu Jian Council.
   769 | D        | Found a shimmering altar of Xom.
   769 | D        | Found a sacrificial altar of Ru.
   770 | D        | Found a basalt altar of Yredelemnul.
   770 | D        | Found a shimmering blue altar of Sif Muna.
   771 | D        | Found a glowing silver altar of Zin.
   771 | D        | Found a bloodstained altar of Trog.
   771 | D        | Found an ancient bone altar of Kikubaaqudgha.
   771 | D        | Found a stormy altar of Qazlal.
   771 | D        | Found a viscous altar of Jiyva.
   772 | D        | Found a hide-covered altar of Uskayaw.
   772 | D        | Found a corrupted altar of Lugonu.
   772 | D        | Found a shadowy altar of Dithmenos.
   773 | D        | Found a radiant altar of Vehumet.
   773 | D        | Found a burning altar of Makhleb.
   773 | D        | Found a white marble altar of Elyvilon.
   774 | D        | Found a sparkling altar of Nemelex Xobeh.
   774 | D        | Found a blossoming altar of Fedhas.
   778 | D        | Noticed an ice dragon
   791 | D        | Killed an ice dragon
   791 | D        | Reached skill level 17 in Stealth
   791 | D        | Reached XP level 9. HP: 5/41 MP: 10/10
   800 | D        | Noticed a yaktaur
   809 | D        | Slain by a yaktaur
   810 | D        | Reached XP level 8. HP: -1/38 MP: 9/9
   813 | D        | Reached skill level 10 in Fighting
   813 | D        | Reached skill level 10 in Unarmed Combat
   903 | D        | Noticed a deep elf master archer
   907 | D        | Noticed an unseen horror
   907 | D        | Noticed an unseen horror
   909 | D        | Killed an unseen horror
   909 | D        | Reached ***** piety under Trog
   909 | D        | Reached skill level 18 in Stealth
   909 | D        | Reached XP level 9. HP: 42/42 MP: 10/10
   911 | D        | Killed an unseen horror
   923 | D        | Noticed a death drake
   926 | D        | Noticed a crystal guardian
   936 | D        | Noticed a death drake
   937 | D        | Noticed a polar bear
   950 | D        | Killed from afar by a death drake
   951 | D        | Reached XP level 8. HP: 0/39 MP: 9/9
   964 | D        | Killed a tyrant leech
   964 | D        | Reached skill level 19 in Stealth
   977 | D        | Killed a yaktaur
   982 | D        | Killed a polar bear
   997 | D        | Killed a hornet
  1003 | D        | Noticed an orange crystal statue
  1022 | D        | Bought a potion of curing for 36 gold pieces
  1022 | D        | Bought a potion of curing for 36 gold pieces
  1022 | D        | Bought a potion of flight for 36 gold pieces
  1040 | D        | Bought a scroll of fog for 24 gold pieces
  1040 | D        | Bought a scroll of blinking for 90 gold pieces
  1312 | D        | Bought a ration for 65 gold pieces
  1349 | D        | Bought an uncursed ring of protection from magic for 325
                  | gold pieces
  1349 | D        | Bought an uncursed ring of protection from magic for 325
                  | gold pieces
  1366 | D        | Noticed an elephant
  1366 | D        | Noticed a kobold demonologist
  1381 | D        | Killed a skeletal warrior
  1381 | D        | Reached XP level 9. HP: 13/43 MP: 10/10
  1386 | D        | Mangled by a yaktaur captain

Levels and vault maps discovered:
D:        the_violet_keep_of_menkaure [sprint2_stairs_cluster_1,
          sprint2_shoproom, sprint2_temple, sprint2_basic_supplies,
          sprint2_obstacle_4, sprint2_obstacle_6, sprint2_obstacle_2,
          sprint2_obstacle_5, sprint2_obstacle_3, sprint2_timed_cluster_1,
          sprint2_smallroom_cluster_1, sprint2_smallroom_final_cluster_1,
          sprint2_transparent_cluster_1, sprint2_second_timed_cluster_1,
          sprint2_sniper_area_1, sprint2_heavy_combat_area_1,
          sprint2_mutation_trap_area_1, sprint2_forest_area_1,
          sprint2_light_combat_area_1, sprint2_behind_water_1,
          sprint2_near_end_vault_1]

Skill      XL: |  1  2  3  4  5  6  7  8 |
---------------+-------------------------+-----
Fighting       | 5 6 7 8 11 | 11.2
Dodging        | 6 8 9 11 14 | 14.1
Stealth        | 8 10 12 15 19 | 19.6
Unarmed Combat | 5 6 7 8 11 | 11.2

Action                   |  1- 3 |  4- 6 |  7- 9 || total
-------------------------+-------+-------+-------++-------
Melee: Unarmed           |     9 |    33 |    58 ||   100
       Bite              |     2 |     5 |     9 ||    16
       Punch             |       |     1 |     1 ||     2
Invok: Berserk           |       |     1 |     5 ||     6
       Trog's Hand       |       |       |     3 ||     3
       Brothers in Arms  |       |       |     1 ||     1
  Use: Potion            |     1 |     1 |     3 ||     5
       Scroll            |       |     1 |     1 ||     2
 Stab: Sleeping          |       |       |     9 ||     9
Armor: Skin              |       |     2 |     1 ||     3
Dodge: Dodged            |     1 |    17 |    74 ||    92

Table legend:
 A = Non-vault XP
 B = Vault XP
 C = Vault XP percentage of total XP
 D = Non-vault monster count
 E = Vault monster count
 F = Vault count percentage of total count
                 A         B        C        D         E       F
            +---------+---------+-------+---------+---------+-------
      Total |       0 |    6428 | 100.0 |       0 |      18 | 100.0
            +---------+---------+-------+---------+---------+-------
          D |       0 |    6428 | 100.0 |       0 |      18 | 100.0
            +---------+---------+-------+---------+---------+-------
